WIN
CHICAGO (WIN) WHITE SOX @ DETROIT (WIN) TIGERS
12/15/2045
 
TOP OF THE 1ST
Chicago (WIN) White Sox batting - Pitching for Detroit (WIN) Tigers : LHP Ben Saunders
Pitching: LHP Ben Saunders
Batting: RHB Adam Lambert 0-0: Foul Ball, location: 2F
0-1: Bunt for hit to 15S - play at first, batter safe!
Batting: RHB Mike Warzecha 0-0: Ball
1-0: Grounds into double play, 3-6-3 (Groundball, 3, EV 81.2 MPH)
Batting: LHB Angel Tellez 0-0: Ball
1-0: Ground out 4-3 (Groundball, 4, EV 80.0 MPH)
Top of the 1st over - 0 runs, 1 hit, 0 errors, 0 left on base; Chicago (WIN) 0 - Detroit (WIN) 0
BOTTOM OF THE 1ST
Detroit (WIN) Tigers batting - Pitching for Chicago (WIN) White Sox : LHP Marty de la Rosa
Pitching: LHP Marty de la Rosa
Batting: RHB Eric Angelle 0-0: SINGLE (Flyball, 8LS, EV 91.9 MPH)
Batting: RHB Aaron Cusick 0-0: Ball
1-0: Called Strike
1-1: Ball
2-1: Fly out, F5 (Line Drive, 56, EV 64.4 MPH)
Batting: RHB Victor Reyes 0-0: Ball
1-0: Fly out, F7 (Line Drive, 7S, EV 96.9 MPH)
Batting: RHB Carlos Armenteros 0-0: Ball
1-0: Ball
2-0: Ball
3-0: Base on Balls
Eric Angelle to second
Batting: LHB Jon Frederick 0-0: Ball
1-0: Foul Ball, location: 2F
1-1: Ball
2-1: Ball
3-1: SINGLE (Line Drive, 8LS, EV 101.2 MPH)
Eric Angelle to third
Carlos Armenteros to second
Runner from 3rd tries for Home, SAFE, throw by CF to home
Batting: RHB Tanner Purchase 0-0: Ball
1-0: Fielders Choice at 2nd, 6-4 (Groundball, 6, EV 96.9 MPH)
Bottom of the 1st over - 1 run, 2 hits, 0 errors, 2 left on base; Chicago (WIN) 0 - Detroit (WIN) 1
TOP OF THE 2ND
Chicago (WIN) White Sox batting - Pitching for Detroit (WIN) Tigers : LHP Ben Saunders
Batting: RHB Dusty Ballard 0-0: Ground out 4-3 (Groundball, 4, EV 76.2 MPH)
Batting: RHB Micah Brown 0-0: Foul Ball, location: 2F
0-1: Called Strike
0-2: Fly out, F8 (Flyball, 8RD, EV 99.4 MPH)
Batting: RHB Jose Medina 0-0: Called Strike
0-1: Called Strike
0-2: Ball
1-2: Ball
2-2: Ball
3-2: Base on Balls
Batting: LHB Alberto Carrasco 0-0: Ball
1-0: Ball
2-0: Called Strike
2-1: Foul Ball, location: 2F
2-2: Foul Ball, location: 2F
2-2: Fly out, F8 (Line Drive, 8LM, EV 102.5 MPH)
Top of the 2nd over - 0 runs, 0 hits, 0 errors, 1 left on base; Chicago (WIN) 0 - Detroit (WIN) 1
BOTTOM OF THE 2ND
Detroit (WIN) Tigers batting - Pitching for Chicago (WIN) White Sox : LHP Marty de la Rosa
Batting: LHB George Moran 0-0: Ball
1-0: Ball
2-0: Ball
3-0: Base on Balls
Batting: RHB Jordan Hall 0-0: Ball
Pickoff Throw to First - Error! E1
George Moran to second
1-0: Ball
2-0: Hit by Pitch
Batting: LHB Tokugoro Adachi 0-0: Fly out, F8 (Flyball, 8RS, EV 91.9 MPH)
Batting: RHB Eric Angelle 0-0: Fly out, F9 (Flyball, 9, EV 91.9 MPH)
Batting: RHB Aaron Cusick 0-0: Swinging Strike
0-1: Ball
1-1: Ball
2-1: Ball
3-1: Foul Ball, location: 2F
3-2: Base on Balls
George Moran to third
Jordan Hall to second
Batting: RHB Victor Reyes 0-0: Ball
1-0: Swinging Strike
1-1: Called Strike
1-2: Fielders Choice at 2nd, 6-4 (Groundball, 6, EV 86.2 MPH)
Bottom of the 2nd over - 0 runs, 0 hits, 1 error, 3 left on base; Chicago (WIN) 0 - Detroit (WIN) 1
TOP OF THE 3RD
Chicago (WIN) White Sox batting - Pitching for Detroit (WIN) Tigers : LHP Ben Saunders
Batting: LHB John Thurman 0-0: Ball
1-0: Foul Ball, location: 2F
1-1: Ground out 4-3 (Groundball, 4, EV 96.9 MPH)
Batting: LHB Jose Duran 0-0: Swinging Strike
0-1: Ball
1-1: Foul Ball, location: 2F
1-2: DOUBLE (Line Drive, 78D, EV 105.6 MPH)
Batting: RHB Adam Lambert 0-0: Foul Ball, location: 2F
0-1: Foul Ball, location: 2F
0-2: Ball
1-2: Foul Ball, location: 2F
1-2: Ball
2-2: Foul Ball, location: 2F
2-2: Strikes out looking
Batting: RHB Mike Warzecha 0-0: Foul Ball, location: 2F
0-1: Ground out 4-3 (Groundball, 4, EV 86.2 MPH)
Top of the 3rd over - 0 runs, 1 hit, 0 errors, 1 left on base; Chicago (WIN) 0 - Detroit (WIN) 1
BOTTOM OF THE 3RD
Detroit (WIN) Tigers batting - Pitching for Chicago (WIN) White Sox : LHP Marty de la Rosa
Batting: RHB Carlos Armenteros 0-0: Called Strike
0-1: Ball
1-1: Ball
2-1: Called Strike
2-2: Fly out, F9 (Line Drive, 9S, EV 90.6 MPH)
Batting: LHB Jon Frederick 0-0: Ball
1-0: Ball
2-0: Fly out, F7 (Flyball, 7LD, EV 101.2 MPH)
Batting: RHB Tanner Purchase 0-0: Foul Ball, location: 2F
0-1: Foul Ball, location: 2F
0-2: Foul Ball, location: 2F
0-2: Fly out, F7 (Flyball, 7, EV 85.0 MPH)
Bottom of the 3rd over - 0 runs, 0 hits, 0 errors, 0 left on base; Chicago (WIN) 0 - Detroit (WIN) 1
TOP OF THE 4TH
Chicago (WIN) White Sox batting - Pitching for Detroit (WIN) Tigers : LHP Ben Saunders
Batting: LHB Angel Tellez 0-0: Called Strike
0-1: SOLO HOME RUN (Flyball, 89XD, EV 104.4 MPH), Distance : 427 ft
Batting: RHB Dusty Ballard 0-0: Ball
1-0: Fly out, F8 (Flyball, 8RM, EV 87.5 MPH)
Batting: RHB Micah Brown 0-0: Ground out 4-3 (Groundball, 4S, EV 79.4 MPH)
Batting: RHB Jose Medina 0-0: Ground out U3 (Groundball, 3, EV 85.6 MPH)
Top of the 4th over - 1 run, 1 hit, 0 errors, 0 left on base; Chicago (WIN) 1 - Detroit (WIN) 1
BOTTOM OF THE 4TH
Detroit (WIN) Tigers batting - Pitching for Chicago (WIN) White Sox : LHP Marty de la Rosa
Batting: LHB George Moran 0-0: Ball
1-0: Swinging Strike
1-1: Fly out, F8 (Line Drive, 8RM, EV 91.9 MPH)
Batting: RHB Jordan Hall 0-0: Called Strike
0-1: Ball
1-1: Ball
2-1: Foul Ball, location: 2F
2-2: Ball
3-2: Strikes out swinging
Batting: LHB Tokugoro Adachi 0-0: Foul Ball, location: 2F
0-1: Swinging Strike
0-2: Strikes out swinging
Bottom of the 4th over - 0 runs, 0 hits, 0 errors, 0 left on base; Chicago (WIN) 1 - Detroit (WIN) 1
TOP OF THE 5TH
Chicago (WIN) White Sox batting - Pitching for Detroit (WIN) Tigers : LHP Ben Saunders
Batting: LHB Alberto Carrasco 0-0: Foul Ball, location: 2F
0-1: Ball
1-1: Ball
2-1: Ground out 4-3 (Groundball, 4, EV 86.2 MPH)
Batting: LHB John Thurman 0-0: Called Strike
0-1: Ground out 4-3 (Groundball, 34, EV 106.2 MPH)
Batting: LHB Jose Duran 0-0: Called Strike
0-1: Foul Ball, location: 2F
0-2: Ball
1-2: Ball
2-2: Ball
3-2: Foul Ball, location: 2F
3-2: Strikes out swinging
Top of the 5th over - 0 runs, 0 hits, 0 errors, 0 left on base; Chicago (WIN) 1 - Detroit (WIN) 1
BOTTOM OF THE 5TH
Detroit (WIN) Tigers batting - Pitching for Chicago (WIN) White Sox : LHP Marty de la Rosa
Batting: RHB Eric Angelle 0-0: Called Strike
0-1: Foul Ball, location: 2F
0-2: Strikes out swinging
Batting: RHB Aaron Cusick 0-0: Ball
1-0: SINGLE (Flyball, 89S, EV 87.5 MPH)
Batting: RHB Victor Reyes 0-0: Ball
1-0: Ball
2-0: Swinging Strike
2-1: Foul Ball, location: 2F
2-2: SINGLE (Groundball, 56D, EV 106.2 MPH)
Aaron Cusick to second
Batting: RHB Carlos Armenteros 0-0: Called Strike
0-1: SINGLE (Groundball, 6D, EV 103.8 MPH)
Aaron Cusick to third
Victor Reyes to second
Runner from 3rd tries for Home, SAFE, throw by CF to home
Batting: LHB Jon Frederick 0-0: SINGLE (Line Drive, 34D, EV 95.0 MPH)
Victor Reyes to third
Carlos Armenteros to second
Batting: RHB Tanner Purchase 0-0: GRAND SLAM HOME RUN (Flyball, 78XD, EV 106.2 MPH), Distance : 410 ft
Pitching: LHP Troy Salzer
Batting: LHB George Moran 0-0: Swinging Strike
0-1: Called Strike
0-2: Ball
1-2: Ball
2-2: Strikes out looking
Batting: RHB Jordan Hall 0-0: Called Strike
0-1: Ball
1-1: Foul Ball, location: 2F
1-2: Ball
2-2: Hit by Pitch
Batting: LHB Tokugoro Adachi 0-0: Called Strike
0-1: Foul Ball, location: 2F
0-2: Strikes out swinging
Bottom of the 5th over - 5 runs, 5 hits, 0 errors, 1 left on base; Chicago (WIN) 1 - Detroit (WIN) 6
TOP OF THE 6TH
Chicago (WIN) White Sox batting - Pitching for Detroit (WIN) Tigers : LHP Ben Saunders
Batting: RHB Adam Lambert 0-0: Foul Ball, location: 2F
0-1: Swinging Strike
0-2: Ground out 4-3 (Groundball, 4M, EV 88.8 MPH)
Batting: RHB Mike Warzecha 0-0: Foul Ball, location: 2F
0-1: Ball
1-1: Called Strike
1-2: SINGLE (Groundball, 34D, EV 94.4 MPH)
Batting: LHB Angel Tellez 0-0: Called Strike
0-1: Foul Ball, location: 2F
0-2: Foul Ball, location: 2F
0-2: Ball
1-2: Ball
2-2: Fly out, F7 (Line Drive, 7D, EV 88.8 MPH)
Batting: RHB Dusty Ballard 0-0: Fielders Choice at 2nd, 6-4 (Groundball, 56, EV 76.9 MPH)
Top of the 6th over - 0 runs, 1 hit, 0 errors, 1 left on base; Chicago (WIN) 1 - Detroit (WIN) 6
BOTTOM OF THE 6TH
Detroit (WIN) Tigers batting - Pitching for Chicago (WIN) White Sox : LHP Troy Salzer
Batting: RHB Eric Angelle 0-0: Swinging Strike
0-1: Ball
1-1: Called Strike
1-2: SINGLE (Line Drive, 8RS, EV 95.6 MPH)
Batting: RHB Aaron Cusick 0-0: Ball
1-0: Called Strike
1-1: Ball
2-1: Ball
3-1: Fly out, F7 (Flyball, 7D, EV 107.5 MPH)
Batting: RHB Victor Reyes 0-0: Called Strike
0-1: Ball
1-1: Foul Ball, location: 2F
1-2: Strikes out swinging
Batting: RHB Carlos Armenteros 0-0: Ball
1-0: Foul Ball, location: 2F
1-1: Called Strike
1-2: Ball
2-2: Foul Ball, location: 2F
2-2: Foul Ball, location: 2F
2-2: Foul Ball, location: 2F
2-2: Foul Ball, location: 2F
2-2: Foul Ball, location: 2F
2-2: Ground out 4-3 (Groundball, 34, EV 90.6 MPH)
Bottom of the 6th over - 0 runs, 1 hit, 0 errors, 1 left on base; Chicago (WIN) 1 - Detroit (WIN) 6
TOP OF THE 7TH
Chicago (WIN) White Sox batting - Pitching for Detroit (WIN) Tigers : LHP Ben Saunders
Batting: RHB Micah Brown 0-0: Ground out 5-3 (Groundball, 56, EV 81.9 MPH)
Batting: RHB Jose Medina 0-0: Foul Ball, location: 2F
0-1: Ball
1-1: SOLO HOME RUN (Line Drive, 7D, EV 99.4 MPH), Distance : 384 ft
Batting: LHB Alberto Carrasco 0-0: Called Strike
0-1: Foul Ball, location: 2F
0-2: Strikes out swinging
Batting: LHB John Thurman 0-0: SINGLE (Groundball, 56S, EV 70.0 MPH) (infield hit)
Batting: LHB Jose Duran 0-0: Called Strike
0-1: Ball
John Thurman steals 2nd base
1-1: Ground out 5-3 (Groundball, 56S, EV 66.9 MPH)
Top of the 7th over - 1 run, 2 hits, 0 errors, 1 left on base; Chicago (WIN) 2 - Detroit (WIN) 6
BOTTOM OF THE 7TH
Detroit (WIN) Tigers batting - Pitching for Chicago (WIN) White Sox : LHP Troy Salzer
Pitching: LHP Bobby Martin
Batting: LHB Jon Frederick 0-0: Called Strike
0-1: Swinging Strike
0-2: Strikes out swinging
Batting: RHB Tanner Purchase 0-0: Swinging Strike
0-1: Called Strike
0-2: Ball
1-2: Foul Ball, location: 2F
1-2: Ball
2-2: Foul Ball, location: 2F
2-2: Strikes out swinging
Batting: LHB George Moran 0-0: Called Strike
0-1: Ball
1-1: Foul Ball, location: 2F
1-2: Ball
2-2: Strikes out swinging
Bottom of the 7th over - 0 runs, 0 hits, 0 errors, 0 left on base; Chicago (WIN) 2 - Detroit (WIN) 6
TOP OF THE 8TH
Chicago (WIN) White Sox batting - Pitching for Detroit (WIN) Tigers : LHP Ben Saunders
Batting: RHB Adam Lambert 0-0: Ball
1-0: Foul Ball, location: 2F
1-1: Ball
2-1: SINGLE (Flyball, 6MD, EV 84.4 MPH)
Batting: RHB Mike Warzecha 0-0: Ball
1-0: Called Strike
1-1: Fly out, F9 (Line Drive, 9, EV 91.9 MPH)
Batting: LHB Angel Tellez 0-0: Swinging Strike
0-1: Ball
1-1: Ball
2-1: Foul Ball, location: 2F
2-2: Ball
3-2: Foul Ball, location: 2F
3-2: 2-RUN HOME RUN (Flyball, 9D, EV 95.6 MPH), Distance : 369 ft
Pitching: RHP John Evancho
Batting: RHB Dusty Ballard 0-0: Swinging Strike
0-1: Swinging Strike
0-2: Strikes out swinging
Batting: RHB Micah Brown 0-0: Ball
1-0: Ball
2-0: Called Strike
2-1: Fly out, F7 (Flyball, 78M, EV 85.0 MPH)
Top of the 8th over - 2 runs, 2 hits, 0 errors, 0 left on base; Chicago (WIN) 4 - Detroit (WIN) 6
BOTTOM OF THE 8TH
Detroit (WIN) Tigers batting - Pitching for Chicago (WIN) White Sox : LHP Bobby Martin
Pitching: RHP Jesus Griego
Batting: RHB Jordan Hall 0-0: Foul Ball, location: 2F
0-1: Foul Ball, location: 2F
0-2: Ball
1-2: Strikes out swinging
Batting: LHB Tokugoro Adachi 0-0: Called Strike
0-1: Called Strike
0-2: Ball
1-2: Foul Ball, location: 2F
1-2: Strikes out swinging
Batting: RHB Eric Angelle 0-0: Ball
1-0: Ball
2-0: Called Strike
2-1: SINGLE (Groundball, 4M, EV 105.0 MPH) (infield hit)
Batting: RHB Aaron Cusick 0-0: Called Strike
0-1: Fly out, F8 (Flyball, 8LD, EV 95.0 MPH)
Bottom of the 8th over - 0 runs, 1 hit, 0 errors, 1 left on base; Chicago (WIN) 4 - Detroit (WIN) 6
TOP OF THE 9TH
Chicago (WIN) White Sox batting - Pitching for Detroit (WIN) Tigers : RHP John Evancho
Pitching: RHP Luke Totzke
Now at 1B: Victor Reyes
Now at 2B: Luis Dominguez
Batting: RHB Jose Medina 0-0: Ball
1-0: Called Strike
1-1: Ball
2-1: Ball
3-1: Foul Ball, location: 2F
3-2: Strikes out swinging
Batting: LHB Alberto Carrasco 0-0: Ball
1-0: Ball
2-0: Ball
3-0: Called Strike
3-1: Foul Ball, location: 2F
3-2: Foul Ball, location: 2F
3-2: Foul Ball, location: 2F
3-2: SINGLE (Groundball, 6M, EV 94.4 MPH)
Batting: LHB John Thurman 0-0: Called Strike
0-1: Ball
1-1: Foul Ball, location: 2F
1-2: Foul Ball, location: 2F
1-2: Ball
2-2: SINGLE (Line Drive, 4M, EV 95.6 MPH)
Alberto Carrasco to second
Batting: LHB Jose Duran 0-0: Ball
1-0: Ground out 5-3 (Groundball, 56S, EV 75.6 MPH)
Alberto Carrasco to third
John Thurman to second
Pinch Hitting: LHB Hirakito Herring 0-0: Ball
1-0: Swinging Strike
1-1: Ground out 4-3 (Groundball, 4, EV 82.5 MPH)
Top of the 9th over - 0 runs, 2 hits, 0 errors, 2 left on base; Chicago (WIN) 4 - Detroit (WIN) 6
Wednesday, June 22nd , 2022 - OOTP Baseball 23.4 Build 64